 Dungeon Crawl Stone Soup version 0.27.0-1-g7a089689b8 (webtiles) character file.

Game seed: 9786665175668756548

21 sanka the Chopper (level 2, -4/26 HPs)
             Began as a Ghoul Monk on Aug 11, 2021.
             Was a Believer of Kikubaaqudgha.
             Slain by an orc (7 damage)
             ... on level 2 of the Dungeon.
             The game lasted 00:01:32 (1198 turns).

sanka the Chopper (Ghoul Monk)                      Turns: 1198, Time: 00:01:33

Health: -4/26      AC:  2    Str: 14    XL:     2   Next: 83%
Magic:  1/1        EV: 12    Int:  5    God:    Kikubaaqudgha [**....]
Gold:   15         SH:  0    Dex: 11    Spells: 0/1 levels left

rFire    . . .     SeeInvis .   a - +0 hand axe
rCold    + . .     Faith    .   (no shield)
rNeg     + + +     Spirit   .   b - +0 robe
rPois    ∞         Reflect  .   (no helmet)
rElec    .         Harm     .   (no cloak)
rCorr    .         Rampage  .   (no gloves)
Will     .....                  (no boots)
Stlth    ++........             (no amulet)
HPRegen  0.00/turn              (no ring)
MPRegen  0.07/turn              (no ring)

@: inhibited regen
A: claws 1, cold resistance 1, negative energy resistance 3, inhibited
regeneration, torment resistance 2
a: Renounce Religion, Receive Corpses


You were on level 2 of the Dungeon.
You worshipped Kikubaaqudgha.
Kikubaaqudgha was pleased with you.
You visited 1 branch of the dungeon, and saw 2 of its levels.

You collected 15 gold pieces.


Innate Abilities, Weirdness & Mutations

You thrive by killing the living.
You are immune to poison.
You have sharp fingernails.
Your flesh is cold resistant. (rC+)
You are immune to negative energy. (rN+++)
You do not regenerate when monsters are visible.
You are immune to unholy pain and torment.


   Skills:
 - Level 3.2 Fighting
 - Level 3.3 Axes
 - Level 2.6 Dodging
 - Level 2.1 Stealth
 + Level 0.1 Spellcasting
 + Level 1.1 Necromancy


You couldn't memorise any spells.
You knew the following spells:

 Your Spells              Type           Power      Damage    Failure   Level
z - Pain                  Necr           4%         1d4       34%         1

Your spell library contained the following spells:

 Spells                   Type           Power      Damage    Failure   Level
 Animate Skeleton         Necr           2%         N/A       34%         1
 Corpse Rot               Necr/Air       N/A        N/A       54%         2
 Vampiric Draining        Necr           0%         2d6       71%         3
 Passage of Golubria      Tloc           N/A        N/A       99%         4
 Silence                  Hex/Air        0%         N/A       100%        5
 Lehudib's Crystal Spear  Conj/Erth      0%         10d2      100%        8

Inventory:

Hand Weapons
 a - a +0 hand axe (weapon)
Armour
 b - a +0 robe (worn)
Scrolls
 c - a scroll of holy word {unknown}
 d - a scroll of brand weapon {unknown}
 e - 3 scrolls of noise {unknown}
Potions
 f - a potion of curing {unknown}

Dungeon Overview and Level Annotations

Branches:
Dungeon (2/15)

Altars:
Kikubaaqudgha

.▒ ≈ .▒.▒▒▒▒
#≈ ..... #≈≈
.... ###. ...
##... ▒.▒ ▒
#.#...▒▒.▒▒.▒
...≈...<....▒
..≈≈≈.▒▒n...▒
...≈≈
▒oo......
▒..o
▒.▒..▒▒▒▒ ▒▒.
..▒..▒ ▒ ▒▒▒
.▒ .▒ ▒


You could see 2 orcs.


Message History

The orc hits you with a +1 mace of draining.
The orc closely misses you. The dart slug launches a dart at you.
The slug dart misses you.
You hit the dart slug.
You kill the dart slug!
Kikubaaqudgha accepts your kill.
You hit the orc but do no damage. You closely miss the orc.
The orc hits you with a +1 mace of draining.
The orc barely misses you.
Unknown command.
You closely miss the orc.
The orc is moderately wounded.
You hit the orc but do no damage. The orc barely misses you.
The orc hits you with a +3 flail!
* * * LOW HITPOINT WARNING * * *
Unknown command.
You hit the orc.
The orc is severely wounded.
You closely miss the orc.
The orc hits you with a +1 mace of draining.
* * * LOW HITPOINT WARNING * * *
The orc closely misses you.
The orc hits you with a +1 mace of draining.
* * * LOW HITPOINT WARNING * * *
The orc hits you with a +3 flail!
You die...
Kikubaaqudgha rasps: "You have failed me!
Welcome... oblivion!"

Action                   || total
-------------------------++-------
Melee: Hand axe          ||    62
 Stab: Sleeping          ||     3
Armor: Robe              ||    17
Dodge: Dodged            ||    46

Levels and vault maps discovered:
D:1:      dpeg_chamrin_arrival_tetris, layout_loops_ring, basic_ecumenical_altar
D:2:      layout_loops_ring, basic_altar, serial_undead, serial_undead_c,
          serial_undead_c, serial_undead_f, serial_undead_c, serial_undead_d,
          serial_undead_e, lemuel_old_faithful

Notes
Turn   | Place    | Note
-------+----------+-------------------------------------------
     0 | D:1      | sanka the Ghoul Monk began the quest for the Orb.
     0 | D:1      | Reached XP level 1. HP: 19/19 MP: 0/0
   279 | D:1      | Reached skill level 3 in Axes
   433 | D:1      | Reached XP level 2. HP: 26/26 MP: 1/1
   486 | D:1      | Found a faded altar of an unknown god.
   497 | D:1      | Became a worshipper of Kikubaaqudgha
   497 | D:1      | Reached * piety under Kikubaaqudgha
   497 | D:1      | Received a gift from Kikubaaqudgha
   497 | D:1      | Reached ** piety under Kikubaaqudgha
  1012 | D:1      | Reached skill level 1 in Necromancy
  1190 | D:1      | Learned a level 1 spell: Pain
  1198 | D:2      | Slain by an orc

Vanquished Creatures
  A dart slug (D:2)
  3 bats (D:1)
  3 endoplasms (D:1)
  2 hobgoblins (D:1)
  A kobold (D:1)
  2 quokkas (D:1)
  3 ball pythons (D:1)
  A goblin (D:1)
  A rat (D:1)
17 creatures vanquished.
